Map: Givre EC

Players

Martyr - Winner!

  • Race: Terran Terran
  • League: Diamond

Worming

  • Race: Zerg Zerg
  • League: Diamond

VOD

Have the link to the VOD?

Description

Time

  • Played on: Sept. 6, 2016, 4:47 p.m.
  • Length: 16:42
Show
View Real Time Build Order
Export as new Build Order

Martyr Terran - Winner!

Build Orders: MMM Bio 

Get SALT Encoding   

  12  0:00  SCV  
  13  0:13  SCV  
  14  0:18  Supply Depot  
  14  0:25  SCV  
  15  0:39  SCV  
  15  0:40  Barracks  
  16  0:46  Refinery  
  16  0:51  SCV  
  17  1:04  SCV  
  18  1:16  SCV  
  20  1:32  Command Center  
  20  1:35  Barracks Reactor  
  19  1:42  Orbital Command  
  19  1:51  Supply Depot  
  19  2:04  Barracks  
  19  2:11  SCV  
  19  2:14  Marine  
  19  2:15  Marine  
  22  2:23  Factory  
  22  2:27  SCV  
  23  2:32  Marine  
  23  2:33  Marine  
  25  2:39  SCV  
  26  2:44  Orbital Command  
  26  2:50  Marine x2  
  28  2:53  Barracks Tech Lab  
  28  2:57  Refinery  
  28  2:59  SCV  
  29  3:10  Marine x2  
  31  3:13  SCV x2  
  31  3:17  Starport  
  33  3:25  SCV  
  33  3:26  Stimpack  
  34  3:29  SCV  
  34  3:33  Marine  
  36  3:34  Marine  
  36  3:40  Marine  
  38  3:42  SCV x2  
  40  3:49  Bunker  
  40  3:50  Marine  
  40  3:52  Marine  
  40  3:54  SCV  
  43  4:00  Medivac  
  43  4:02  SCV  
  46  4:03  Supply Depot  
  46  4:14  Supply Depot  
  46  4:24  SCV x2, Marine x3  
  46  4:30  Medivac  
  53  4:36  SCV x2  
  55  4:41  Supply Depot  
  55  4:48  Command Center, Barracks  
  55  4:50  Marine x2  
  55  4:52  SCV x2  
  59  5:05  Marine  
  59  5:06  Starport Reactor  
  61  5:07  SCV x2  
  61  5:08  Marine  
  61  5:12  Engineering Bay  
  63  5:17  Marine  
  63  5:19  SCV x2  
  66  5:22  Refinery  
  66  5:25  Marine  
  66  5:26  Refinery  
  67  5:28  Combat Shields  
  67  5:34  Marine  
  69  5:36  Barracks Reactor  
  69  5:38  Factory Reactor  
  69  5:39  SCV x2  
  70  5:43  Liberator, Terran Infantry Weapons Level 1  
  70  5:57  Supply Depot x2  
  70  6:00  Medivac, SCV x2, Marine x3  
  72  6:27  Marine x3  
  72  6:28  Marauder  
  76  6:34  Marine  
  76  6:35  Widow Mine x2  
  76  6:36  SCV x2  
  76  6:37  Orbital Command  
  83  6:44  Marine  
  83  6:45  Marine  
  85  7:04  Marine x2, SCV  
  85  7:05  Marine x2  
  85  7:06  Marauder  
  92  7:09  Barracks  
  92  7:10  Engineering Bay, Barracks, SCV  
  92  7:11  Armory  
  93  7:16  SCV  
  94  7:27  Marine  
  94  7:28  Marine  
  94  7:51  Marine x3  
  94  7:52  Widow Mine, Marine x2  
  101  7:59  Orbital Command  
  101  8:24  Barracks Tech Lab  
  101  8:25  Barracks Reactor  
  101  8:26  Supply Depot  
  101  8:27  Terran Infantry Weapons Level 2, Terran Infantry Armor Level 1  
  101  8:32  Supply Depot  
  101  8:35  Supply Depot  
  101  8:36  Supply Depot  
  101  8:39  Supply Depot  
  101  8:47  Widow Mine x2, Medivac, SCV, Marine  
  109  8:53  Medivac, SCV, Marine x5  
  117  8:59  SCV  
  117  9:02  Supply Depot, Marine x2  
  120  9:05  Marine  
  121  9:11  Marine  
  121  9:12  Marine x3  
  121  9:13  Marine  
  121  9:15  Widow Mine  
  121  9:16  Liberator x2  
  128  9:20  Marine x2  
  130  9:25  Supply Depot  
  130  9:31  Marauder x2  
  134  9:34  Marine x4  
  144  9:52  Marauder  
  102  10:15  Marine x2  
  102  10:16  Marauder x2, Marine x4  
  103  10:27  SCV  
  103  10:28  Liberator x2, SCV x2  
  106  10:33  Marine x2  
  108  10:37  Marauder x2  
  108  10:41  Marine x2  
  108  10:42  Marine x2  
  116  10:43  Widow Mine x2  
  126  10:51  SCV x2  
  126  10:52  Command Center, SCV  
  126  10:53  Marine x2  
  126  10:55  Terran Infantry Weapons Level 3, Terran Infantry Armor Level 2  
  126  10:56  Terran Ship Weapons Level 1  
  131  10:59  Marine, Marauder x2  
  131  11:03  SCV  
  137  11:06  Marine x3  
  138  11:20  Marauder x2  
  109  11:58  Marine x3  
  109  11:59  Marauder x2  
  113  12:17  Marine x2  
  113  12:18  Marine x3  
  113  12:19  SCV x3  
  113  12:20  Marauder x2  
  113  12:21  Orbital Command  
  125  12:29  Liberator x2  
  124  12:43  Marine  
  124  12:44  Marine x4  
  126  12:45  Widow Mine x2, Marauder x2  
  126  13:05  SCV x4  
  126  13:06  Marauder  
  128  13:17  SCV x2  
  130  13:26  Liberator x2  
  126  13:30  SCV x3  
  126  13:31  Marine x4, SCV  
  126  13:32  Marauder, Marine  
  126  13:42  Orbital Command, Marine, SCV  
  126  13:43  Marine  
  126  13:44  Widow Mine x2  
  135  13:49  Marine  
  135  13:54  Marauder  
  104  14:11  Command Center  
  104  14:12  Marine x6  
  104  14:14  SCV  
  104  14:15  SCV  
  104  14:16  Marine x2, SCV  
  112  14:24  Barracks, Terran Ship Weapons Level 2  
  112  14:25  Barracks  
  112  14:26  Medivac x2  
  112  14:27  SCV  
  98  15:00  Marine x4  
  98  15:01  Marauder, Marine  
  98  15:02  Medivac x2, Widow Mine x2  
  111  15:08  SCV x3  
  111  15:10  Marine x2  
  111  15:11  Command Center  
  111  15:13  Barracks Tech Lab  
  116  15:14  Barracks Reactor  
  116  15:16  Starport  
  116  15:20  Refinery x2  
  116  15:23  Marauder  
  116  15:25  Marine  
  116  15:26  Marine x4  
  123  15:29  Marauder  
  121  15:36  Command Center  
  119  15:44  Marauder  
  119  15:48  Marine x3  
  119  15:49  Marine x3  
  125  15:50  Widow Mine x2, Marauder  
  125  15:51  Medivac x2  
  131  16:05  Marauder  
Show
View Real Time Build Order
Export as new Build Order

Worming Zerg 

Build Orders: Hatch First 

Get SALT Encoding   

  12  0:01  Drone  
  13  0:12  Overlord  
  13  0:18  Drone  
  14  0:33  Drone x2  
  16  0:40  Drone  
  17  0:46  Drone  
  18  0:57  Hatchery  
  18  1:00  Drone  
  18  1:06  Extractor  
  18  1:10  Drone  
  18  1:22  Spawning Pool  
  17  1:26  Drone  
  18  1:37  Drone  
  19  1:45  Overlord  
  19  1:57  Drone  
  20  2:10  Queen  
  20  2:11  Queen  
  20  2:12  Zergling x6  
  20  2:14  Metabolic Boost  
  27  2:24  Drone x2  
  29  2:43  Overlord  
  29  2:44  Drone x3  
  32  2:53  Drone  
  33  3:05  Drone x3  
  36  3:06  Hatchery  
  34  3:15  Baneling Nest  
  33  3:20  Drone x2  
  33  3:22  Drone  
  33  3:23  Drone x4  
  33  3:25  Overlord  
  40  3:33  Queen  
  42  3:46  Zergling x2  
  42  3:47  Zergling x4  
  45  3:49  Drone x2  
  45  3:54  Drone x4  
  51  3:59  Evolution Chamber  
  51  4:01  Extractor  
  51  4:02  Evolution Chamber  
  48  4:09  Drone x3  
  51  4:25  Zerg Missile Weapons Level 1  
  51  4:29  Zerg Ground Armor Level 1  
  51  4:30  Overlord x3  
  51  4:34  Queen  
  51  4:36  Extractor  
  51  4:37  Drone x5  
  51  4:38  Extractor  
  56  4:46  Drone  
  56  4:50  Lair  
  56  4:51  Drone  
  58  4:57  Drone x4  
  62  5:08  Drone x3  
  62  5:09  Drone  
  62  5:10  Drone x4  
  70  5:23  Drone x6  
  70  5:27  Overlord x2  
  76  5:34  Zergling x2  
  76  5:35  Baneling x6  
  77  5:39  Zergling x4  
  77  5:40  Zergling x4  
  81  5:45  Spine Crawler  
  80  5:51  Spore Crawler, Zergling x6  
  80  5:54  Centrifical Hooks  
  80  5:56  Overlord  
  82  5:58  Infestation Pit  
  71  6:21  Zergling x2  
  71  6:22  Zergling x24  
  75  6:30  Zergling x2  
  75  6:31  Zergling x6  
  79  6:37  Hive  
  79  6:38  Zerg Melee Weapons Level 1  
  79  6:45  Hatchery  
  78  6:53  Zerg Ground Armor Level 2  
  78  6:59  Zergling x4  
  67  7:50  Queen x2  
  70  7:52  Ultralisk Cavern  
  70  7:54  Baneling x4  
  70  7:55  Baneling x2, Zergling x2  
  70  7:56  Zergling x34  
  84  8:10  Overlord x2  
  78  8:35  Zerg Melee Weapons Level 2  
  78  8:38  Chitinous Plating  
  78  8:39  Hatchery  
  78  8:40  Ultralisk x3  
  95  8:57  Queen  
  95  8:58  Queen  
  95  8:59  Overlord x2  
  99  9:15  Zerg Ground Armor Level 3  
  97  9:40  Spire  
  95  9:46  Baneling  
  95  9:47  Baneling x5  
  94  9:52  Hatchery  
  71  10:19  Queen x2  
  71  10:20  Ultralisk x3  
  92  10:23  Adrenal Glands  
  85  10:52  Zergling x2, Ultralisk  
  85  10:53  Zergling x10  
  97  11:05  Drone x4  
  101  11:14  Overseer  
  101  11:18  Overseer  
  101  11:19  Pneumatized Carapace  
  94  11:51  Corruptor x5  
  94  11:52  Zergling x10  
  94  11:53  Zergling x2  
  98  12:04  Zergling x2  
  98  12:08  Zerg Melee Weapons Level 3  
  91  12:41  Zergling x2, Ultralisk x2  
  91  12:42  Zergling x6  
  106  12:48  Zergling x4  
  91  13:00  Zergling x10  
  80  13:29  Corruptor, Mutalisk  
  80  13:30  Corruptor  
  86  13:39  Ultralisk  
  72  14:14  Zergling x2, Ultralisk  
  72  14:15  Zergling x8  
  66  15:04  Overseer  
  66  15:09  Ultralisk  
  78  15:21  Ultralisk  
Tags
 
Composition
MMM Bio
Matchup
TvZ
Replay Pack
replay pack
Add a new tag
Caveats
  • Supply blocks, unpowered buildings, or Contaminate may cause inaccurate times.
  • Supply counts are checked every 10 seconds.